 Dungeon Sprint DCSS version 0.30-a0-956-gcec3b41aec (webtiles) character file.

Game seed: 10556595168779475847

8411 dialectric the Ninja (level 11, -20/62 HPs)
             Began as a Spriggan Brigand on Mar 29, 2023.
             Was the Champion of Dithmenos.
             Killed from afar by a crystal guardian (23 damage)
             ... with a crystal bolt
             ... in the Dungeon (Sprint II: "The Violet Keep of Menkaure").
             The game lasted 00:05:25 (716 turns).

dialectric the Ninja (Spriggan Brigand)              Turns: 716, Time: 00:05:25

Health: -20/62     AC:  4    Str:  7    XL:     11   Next: 9%
Magic:  12/12      EV: 28    Int: 15    God:    Dithmenos [******]
Gold:   507        SH:  0    Dex: 21    Spells: 10/10 levels left

rFire   . . .      SeeInvis +    n - +4 short sword of Lutu {freeze, rPois Int+2 Stlth+}
rCold   . . .      Faith    .    (no shield)
rNeg    . . .      Spirit   .    b - +0 robe
rPois   +          Reflect  .    f - +1 hat
rElec   .          Rampage  .    c - +0 cloak
rCorr   .          NoTele   +    (gloves unavailable)
Will    +....                    (boots unavailable) Stlth **********
                                 (no amulet)
HPRegen 0.30/turn                m - ring of flight
MPRegen 0.13/turn                (no ring)

@: lethally poisoned (-20 -> -32), flying, slowed, wreathed by umbra, quick
A: very small, no large weapons, unfitting armour, see invisible, speed 3
a: Renounce Religion, Shadow Step, Shadow Form


You were in the Dungeon.
You worshipped Dithmenos.
Dithmenos was exalted by your worship.
You visited 1 branch You collected 1602 gold pieces.
You spent 1095 gold pieces at shops.

Inventory:

Hand Weapons
 a - a +2 dagger
 n - the +4 short sword of Lutu (weapon) {freeze, rPois Int+2 Stlth+}
   (You bought it in a shop in the Dungeon)

   Int:       It affects your intelligence (+2).
   rPois:     It protects you from poison.
   Stlth:     It makes you more stealthy.
Missiles
 d - 8 poisoned darts (quivered)
 e - 2 curare-tipped darts
Armour
 b - a +0 robe (worn)
 c - a +0 cloak (worn)
 f - a +1 hat (worn)
Jewellery
 m - a ring of flight (left hand)
Scrolls
 l - a scroll of blinking
Potions
 h - a potion of haste
 i - 2 potions of magic
 j - a potion of curing
 k - 3 potions of flight {unknown}


   Skills:
 + Level 9.4 Fighting
 - Level 13.4 Short Blades
 - Level 3.7 Throwing
 * Level 5.4 Armour
 * Level 12.3 Dodging
 O Level 27 Stealth


You had 10 spell levels left.
You didn't know any spells.
Your spell library was empty.

Dungeon Overview and Level Annotations

Branches:
Dungeon (1/1)

Altars:
Cheibriados
Dithmenos
Elyvilon
Fedhas
Gozag
Hepliaklqana
Kikubaaqudgha
Makhleb
Nemelex Xobeh
Okawaru
Qazlal
Ru
Sif Muna
Trog
Uskayaw
Vehumet
Wu Jian
Xom
Yredelemnul
Zin
The Shining One
Jiyva
Lugonu

Shops:
D ([=:[(::(=![*([?=[[=!(!!!!(

Annotations:
D exclusion: oklob plant, Roxanne


Innate Abilities, Weirdness & Mutations

You are very small and have problems with some larger weapons.
You are too small for most types of armour.
You have supernaturally acute eyesight. (SInv)
You cover ground extremely quickly. (Speed+++)


Message History

The yaktaur is almost dead.
You hit the yaktaur but do no damage.
The yaktaur is almost dead.
The yaktaur misses you.
You hit the yaktaur but do no damage.
The yaktaur is almost dead.
You puncture the yaktaur! You freeze the yaktaur.
You kill the yaktaur!
Dithmenos accepts your kill.
Things that are here:
a +0 arbalest; a yaktaur corpse A death drake, a crystal guardian and a swamp drake come into view.
Found 3 metallic clear potions.
The helpless swamp drake fails to defend itself.
You stick the swamp drake like a pincushion!!!!!
You freeze the swamp drake!
You kill the swamp drake!
Dithmenos accepts your kill.
The death drake hisses angrily. x2; The swamp drake roars!
You see here a swamp drake corpse.
You hit the crystal guardian but do no damage.
Your shadow hits the crystal guardian but does no damage.
The death drake breathes miasma at you. The foul vapour engulfs you!
The swamp drake is engulfed in dark miasma.
The swamp drake is poisoned.
The swamp drake seems to slow down.
The swamp drake breathes poison at you. The noxious blast misses you.
The crystal guardian hits you!!
* * * LOW HITPOINT WARNING * * *
You emit a cloud of dark smoke.
You are engulfed in dark miasma.
You are lethally poisoned!
You feel yourself slow down.
* * * LOW HITPOINT WARNING * * *
x2 You feel very sick.
The crystal guardian fires a crystalline bolt at you.
The crystal bolt burns the swamp drake!!!
The swamp drake dies!
The crystal bolt burns you!!
You die...

≈≈≈°≈## ≈≈°○°§##
≈°°°§≈≈##++##
≈°≈○§≈##≈§..### °≈°§§#
e≈^^...###
'#°°§#####....#k##
.....○#.$'....#9○#
#'##.○#$.####.#k○#
...##.####..†)##@#
.#÷.#....#.(#...####
.#.####..#####^.##$# ?[!
#+###.##..#(.+..#..#▓!!($?
#.##...#..#.x#§.#.h#▓$$?!$[
.<.'##.'..####§§##§#▓$?$?:[)
#.##.###....###^§§##▓▓▓▓▓▓▓+
#'###.##§.....~§§§§~~~~~~~~
.#.####~~.....~#§########+##


You could see 2 death drakes and a crystal guardian.

Vanquished Creatures
  Kirke (D)
  A fire dragon (D)
  A yaktaur captain (D)
  A great orb of eyes (D)
  A centaur warrior (D)
  An iron elemental (D)
  A skeletal warrior (D)
  An elephant (D)
  A kobold demonologist (D)
  An unseen horror (D)
  A yaktaur (D)
  2 polar bears (D)
  A hornet (D)
  3 yaks (D)
  7 wyverns (D)
  A vampire mosquito (D)
  A water moccasin (D)
  A swamp drake (D)
  5 necrophages (D)
  4 scorpions (D)
  A lava snake (D)
  An iron imp (D)
  3 worms (D)
  A spectral giant cockroach (D)
  A spectral quokka (D)
43 creatures vanquished.

Vanquished Creatures (others)
  Menkaure (D)
  A water moccasin (D)
  A swamp drake (D)
3 creatures vanquished.

Grand Total: 46 creatures vanquished

Notes
Turn   | Place    | Note
-------+----------+-------------------------------------------
     0 | D        | dialectric the Spriggan Brigand began the quest for the
                  | Orb.
     0 | D        | Reached XP level 1. HP: 10/10 MP: 2/2
     1 | D        | Noticed a scorpion
     1 | D        | Noticed a scorpion
     1 | D        | Noticed a scorpion
     1 | D        | Noticed a scorpion
    11 | D        | Killed a scorpion
    12 | D        | Reached skill level 11 in Stealth
    12 | D        | Reached XP level 2. HP: 15/16 MP: 3/3
    12 | D        | Reached XP level 3. HP: 18/19 MP: 4/4
    16 | D        | Killed a scorpion
    17 | D        | Reached skill level 13 in Stealth
    17 | D        | Reached XP level 4. HP: 17/23 MP: 5/5
    18 | D        | Killed a scorpion
    19 | D        | Reached skill level 14 in Stealth
    19 | D        | Reached XP level 5. HP: 21/28 MP: 6/6
    24 | D        | Reached skill level 16 in Stealth
    53 | D        | Reached skill level 5 in Short Blades
    53 | D        | Reached XP level 6. HP: 27/33 MP: 7/7
    53 | D        | Killed Menkaure
    54 | D        | Reached skill level 17 in Stealth
    57 | D        | Reached skill level 18 in Stealth
    80 | D        | Reached skill level 19 in Stealth
    87 | D        | Noticed a water moccasin
   106 | D        | Noticed a water moccasin
   111 | D        | Killed a water moccasin
   115 | D        | Noticed a wyvern
   115 | D        | Noticed a wyvern
   118 | D        | Killed a wyvern
   119 | D        | Reached skill level 20 in Stealth
   119 | D        | Reached XP level 7. HP: 24/38 MP: 8/8
   121 | D        | Killed a wyvern
   122 | D        | Reached skill level 21 in Stealth
   131 | D        | Found a glowing golden altar of the Shining One.
   131 | D        | Found an ornate altar of the Wu Jian Council.
   132 | D        | Found a shimmering altar of Xom.
   132 | D        | Found a sacrificial altar of Ru.
   133 | D        | Found a basalt altar of Yredelemnul.
   133 | D        | Found a shimmering blue altar of Sif Muna.
   134 | D        | Found a glowing silver altar of Zin.
   134 | D        | Found a bloodstained altar of Trog.
   134 | D        | Found an ancient bone altar of Kikubaaqudgha.
   134 | D        | Found a stormy altar of Qazlal.
   134 | D        | Found a viscous altar of Jiyva.
   135 | D        | Found a hide-covered altar of Uskayaw.
   135 | D        | Found a corrupted altar of Lugonu.
   135 | D        | Found a shadowy altar of Dithmenos.
   136 | D        | Found a radiant altar of Vehumet.
   136 | D        | Found a burning altar of Makhleb.
   136 | D        | Found a white marble altar of Elyvilon.
   137 | D        | Found a sparkling altar of Nemelex Xobeh.
   137 | D        | Found a blossoming altar of Fedhas.
   139 | D        | Found an iron altar of Okawaru.
   139 | D        | Found an opulent altar of Gozag.
   139 | D        | Found a hazy altar of Hepliaklqana.
   139 | D        | Found a snail-covered altar of Cheibriados.
   146 | D        | Became a worshipper of Dithmenos the Shadowed
   158 | D        | Noticed an unseen horror
   159 | D        | Noticed an unseen horror
   170 | D        | Killed an unseen horror
   171 | D        | Reached skill level 5 in Fighting
   171 | D        | Reached XP level 8. HP: 26/43 MP: 9/9
   175 | D        | Noticed a great orb of eyes
   178 | D        | Killed a great orb of eyes
   179 | D        | Reached skill level 23 in Stealth
   185 | D        | Noticed a deep elf master archer
   220 | D        | Found Viriuski's Distillery.
   220 | D        | Found Nepammawn's Antique Weapon Emporium.
   220 | D        | Found Hunoqocs's Weapon Shoppe.
   220 | D        | Found Bipowuiv's Distillery.
   220 | D        | Found Losurr's Distillery.
   221 | D        | Found Eneoxeur's Jewellery Shoppe.
   221 | D        | Found Yffisain's Magic Scroll Emporium.
   221 | D        | Found Dyrph's Antique Armour Shoppe.
   222 | D        | Found Kody's Antique Armour Emporium.
   222 | D        | Found Qot Nicvi's Distillery.
   222 | D        | Found Qizem's Jewellery Shoppe.
   223 | D        | Found Vasugouh's Antique Armour Emporium.
   229 | D        | Reached * piety under Dithmenos
   230 | D        | Reached skill level 5 in Dodging
   230 | D        | Reached skill level 24 in Stealth
   235 | D        | Noticed an ice dragon
   236 | D        | Found Miuwkoz's Book Shoppe.
   236 | D        | Noticed an oklob plant
   268 | D        | Noticed a hell hog
   269 | D        | Noticed a hell hog
   295 | D        | Found Quch's Jewellery Shoppe.
   295 | D        | Found Jautoheg's Book Shoppe.
   301 | D        | Bought an embroidered hat for 182 gold pieces
   312 | D        | Bought a potion of curing for 36 gold pieces
   312 | D        | Bought a potion of invisibility for 96 gold pieces
   315 | D        | Bought a scroll of blinking for 75 gold pieces
   341 | D        | Noticed Roxanne
   375 | D        | Bought a ring of flight for 227 gold pieces
   389 | D        | Noticed an elephant
   389 | D        | Noticed a centaur warrior
   389 | D        | Noticed Kirke
   389 | D        | Noticed a kobold demonologist
   389 | D        | Noticed a skeletal warrior
   389 | D        | Noticed a yaktaur captain
   391 | D        | Killed a yaktaur captain
   392 | D        | Reached skill level 25 in Stealth
   392 | D        | Reached XP level 9. HP: 48/48 MP: 10/10
   393 | D        | Killed Kirke
   394 | D        | Reached skill level 10 in Short Blades
   394 | D        | Reached skill level 26 in Stealth
   394 | D        | Killed a skeletal warrior
   394 | D        | Reached ** piety under Dithmenos
   395 | D        | Reached skill level 27 in Stealth
   395 | D        | Reached XP level 10. HP: 55/55 MP: 11/11
   397 | D        | Killed a centaur warrior
   399 | D        | Killed an elephant
   399 | D        | Reached *** piety under Dithmenos
   409 | D        | Reached **** piety under Dithmenos
   410 | D        | Reached skill level 1 in Armour
   414 | D        | Noticed a fire dragon
   414 | D        | Noticed an iron elemental
   419 | D        | Killed an iron elemental
   420 | D        | Reached skill level 10 in Dodging
   422 | D        | Killed a fire dragon
   422 | D        | Reached ***** piety under Dithmenos
   429 | D        | Found Tearuq's Antique Weapon Emporium.
   429 | D        | Found Woadaf's Armour Shop.
   429 | D        | Found Inaf's Antique Armour Shop.
   429 | D        | Found Kairr's Weapon Shoppe.
   429 | D        | Found Xanyebb's Antique Weapon Boutique.
   512 | D        | Found Juhisic's Book Shoppe.
   512 | D        | Found Wywneg's General Store.
   512 | D        | Found Acrenn's Armour Emporium.
   512 | D        | Found Vithool's Distillery.
   512 | D        | Found Wupocsus's Antique Weapon Emporium.
   512 | D        | Found Siujeloune's Jewellery Shop.
   512 | D        | Found Qocafel's Distillery.
   601 | D        | Bought the +4 short sword of Lutu {freeze, rPois Int+2
                  | Stlth+} for 479 gold pieces
   674 | D        | Reached XP level 11. HP: 61/62 MP: 12/12
   680 | D        | Noticed a death drake
   697 | D        | Reached skill level 5 in Armour
   699 | D        | Reached ****** piety under Dithmenos
   712 | D        | Noticed a death drake
   712 | D        | Noticed a crystal guardian
   716 | D        | HP: 3/62 [poisoned by a death drake (dark miasma)]
   716 | D        | Killed from afar by a crystal guardian

Illustrated notes

Levels and vault maps discovered:
D:        the_violet_keep_of_menkaure [sprint2_stairs_cluster_1,
          sprint2_shoproom, sprint2_temple, sprint2_basic_supplies,
          sprint2_obstacle_6, sprint2_obstacle_7, sprint2_obstacle_5,
          sprint2_obstacle_4, sprint2_obstacle_2, sprint2_timed_cluster_1,
          sprint2_smallroom_cluster_1, sprint2_smallroom_final_cluster_1,
          sprint2_transparent_cluster_1, sprint2_second_timed_cluster_1,
          sprint2_sniper_area_1, sprint2_heavy_combat_area_1,
          sprint2_mutation_trap_area_1, sprint2_forest_area_1,
          sprint2_light_combat_area_1, sprint2_behind_water_1,
          sprint2_near_end_vault_1]

Skill      XL: |  1  2  3  4  5  6  7  8  9 10 11 |
---------------+----------------------------------+-----
Fighting       | 2 3 4 5 6 7 9 |  9.4
Short Blades   | 3 4 5 6 7 9 11 13 | 13.4
Stealth        | 11 13 14 16 20 21 25 27 | 27.0
Throwing       | 3 |  3.7
Dodging        | 2 3 4 5 6 11 12 | 12.3
Armour         | 4 5 |  5.4

Action                     |  1- 3 |  4- 6 |  7- 9 | 10-12 || total
---------------------------+-------+-------+-------+-------++-------
  Melee: Dagger            |     9 |    37 |     8 |    17 ||    71
         Short sword       |       |       |       |    39 ||    39
  Throw: Dart              |       |       |     5 |     3 ||     8
    Use: Potion            |     2 |       |     1 |     1 ||     4
         Scroll            |       |       |     1 |       ||     1
   Stab: Sleeping          |       |     7 |     6 |    19 ||    32
 Armour: Robe              |       |     2 |       |     1 ||     3
  Dodge: Dodged            |     5 |    12 |    19 |    31 ||    67

Table legend: (Time is in decaauts)
 A = Elapsed time spent in this place.
 B = Non-inter-level travel time spent in this place.
 C = Inter-level travel time spent in this place.
 D = Time resting spent in this place.
 E = Time spent auto-exploring this place.
 F = Levels seen in this place.
 G = Mean time per level.
                   A        B        C        D        E       F      G
               +--------+--------+--------+--------+--------+-----+--------+
         Total |    546 |    537 |      9 |     25 |    175 |   1 |  546.0 |
       Dungeon |    546 |    537 |      9 |     25 |    175 |   1 |  546.0 |
               +--------+--------+--------+--------+--------+-----+--------+

Top non-repeatable levels by time:
       D: 546 daAuts
